 Dungeon Crawl Stone Soup version 0.20.0-8-g6b59dc7 (webtiles) character file.

3 RKaid the Ducker (level 1, -3/9 HPs)
             Began as a Spriggan Transmuter on May 30, 2017.
             Slain by a kobold
             ... wielding a +0 dagger
              (4 damage)
             ... on level 1 of the Dungeon.
             The game lasted 00:02:59 (423 turns).

RKaid the Ducker (Spriggan Transmuter)               Turns: 423, Time: 00:03:01

Health: -3/9       AC:  2    Str:  6    XL:     1   Next: 41%
Magic:  5/5        EV: 18    Int: 14    God:
Gold:   0          SH:  0    Dex: 16    Spells: 4/5 levels left

rFire    . . .     SeeInvis +   e - +0 dagger
rCold    . . .     Gourm    .   (shield restricted)
rNeg     . . .     Faith    .   b - +0 robe
rPois    .         Spirit   .   (helmet restricted)
rElec    .         Reflect  .   (no cloak)
rCorr    .         Harm     .   (gloves unavailable)
MR       .....                  (boots unavailable)
Stlth    +.........             (no amulet)
Regen    0.1/turn               (no ring)
MPRegen  0.1/turn               (no ring)

@: very quick
A: unfitting armour, see invisible, herbivore 3, speed 3, slow metabolism 2
a: no special abilities


You were on level 1 of the Dungeon.
You were not hungry.

You visited 1 branch of the dungeon, and saw 1 of its levels.

Inventory:

Hand Weapons
 e - a +0 dagger (weapon)
   (You found it on level 1 of the Dungeon)
Missiles
 a - 12 arrows
Armour
 b - a +0 robe (worn)
Books
 c - a book of Changes
Comestibles
 d - a bread ration


   Skills:
 + Level 0.8 Fighting
 + Level 0.0 Short Blades
 - Level 3.0 Dodging
 - Level 2.4 Unarmed Combat
 - Level 2.8 Spellcasting
 - Level 2.9 Transmutations


You had 4 spell levels left.
You knew the following spells:

 Your Spells              Type           Power        Failure   Level  Hunger
a - Beastly Appendage     Tmut           ##....       7%          1    #......


Dungeon Overview and Level Annotations

Branches:
Dungeon (1/15)

Altars:


Innate Abilities, Weirdness & Mutations

You are very small and have problems with some larger weapons.
You are too small for most types of armour.
You have supernaturally acute eyesight. (SInv)
You are a herbivore.
You cover ground extremely quickly.
You need consume almost no food.


Message History

A jackal comes into view.
A jackal comes into view.
The jackal moves out of view.
Things that are here:
a rat corpse x2
Press: ? - help, v - describe, . - travel
Here: a jackal The floor.
Casting: Beastly Appendage
Confirm with . or Enter, or press ? or * to list all spells.
Your feet morph into talons.
The jackal barely misses you.
You hit the jackal. The jackal bites you.
You hit the jackal.
Your transformation is almost over.
The jackal barely misses you.
Your talons disappear.
Things that are here:
a rat corpse x2
A jackal comes into view.
A ball python and a kobold come into view.
The ball python hisses angrily.
The kobold shouts!
A bat comes into view.
The bat barely misses you. The bat closely misses you.
The bat barely misses you. The bat closely misses you. The bat misses you.
You hit the bat. The bat misses you.
You closely miss the bat. The bat misses you.
You hit the bat but do no damage. The bat barely misses you.
You found a teleport trap!
The bat barely misses you.
Really walk into that teleport trap?
You enter a teleport trap!
The teleport trap disappears.
Your surroundings suddenly seem different.
You start resting.
You start resting.
Casting: Beastly Appendage
Confirm with . or Enter, or press ? or * to list all spells.
Your feet morph into talons.
The jackal barks!
You hit the jackal but do no damage. You claw the jackal, but do no damage.
The jackal closely misses you.
You closely miss the jackal.
The jackal bites you but does no damage.
The jackal misses you.
You hit the jackal. The jackal completely misses you.
You hit the jackal. The jackal misses you. The jackal completely misses you.
You barely miss the jackal. Your kick misses the jackal.
The jackal completely misses you.
You hit the jackal. Your kick misses the jackal. The jackal closely misses you.
You barely miss the jackal. Your kick misses the jackal. The jackal misses you.
The jackal completely misses you.
The jackal barks!
You hit the jackal. The jackal barely misses you.
You barely miss the jackal. Your kick misses the jackal.
The jackal closely misses you. The jackal barely misses you.
The jackal completely misses you. The jackal barely misses you.
The jackal bites you.
Your transformation is almost over.
The kobold shouts!
Your talons disappear.
The kobold shouts!
Casting: Beastly Appendage
Confirm with . or Enter, or press ? or * to list all spells.
Your feet morph into talons.
You hit the kobold but do no damage. The kobold closely misses you.
You hit the kobold but do no damage. The kobold barely misses you.
You hit the kobold but do no damage. The jackal closely misses you.
The kobold barely misses you.
You barely miss the kobold. The jackal barely misses you.
The kobold misses you. The jackal closely misses you.
You closely miss the kobold. You claw the kobold, but do no damage.
The jackal closely misses you. The kobold hits you but does no damage.
You barely miss the kobold. You punch the kobold, but do no damage.
The jackal bites you but does no damage.
The kobold closely misses you.
You hit the kobold but do no damage. The jackal closely misses you.
The kobold misses you. The jackal completely misses you.
You hit the kobold.
Your transformation is almost over.
The jackal completely misses you. The kobold hits you.
* * * LOW HITPOINT WARNING * * *
You hit the kobold.
You kill the kobold!
The jackal barely misses you.
The jackal bites you but does no damage.
You see here a kobold corpse.
A jackal comes into view.
A kobold comes into view. It is wielding a whip.
Your talons disappear.
The kobold shouts!
The jackal closely misses you.
A hobgoblin comes into view. It is wielding a club.
The hobgoblin shouts!
The ball python hisses angrily.
The kobold barely misses you. The kobold hits you with a dagger.
You die...

#.# #.# #÷# .... #.###
....
#.#.###############
.....
#........†.K.......
...(.#
#.......###########
......####...###..#####
......#...K@.# ##.....#
#...##.#.# #####.##
##.h.#.#.# #..##### ..
#..h#h#.# ##.....#
...##...#h#.. ###....
#....hh#h##. ......##.
##.....#S# .# #########
#...#..h.# .>
.........g...#


You could see 4 jackals, a ball python and a kobold.

Vanquished Creatures
  A ball python (D:1)
  A kobold (D:1)
  2 rats (D:1)
4 creatures vanquished.

Notes
Turn   | Place    | Note
-------+----------+-------------------------------------------
     0 | D:1      | RKaid the Spriggan Transmuter began the quest for the Orb.
     0 | D:1      | Reached XP level 1. HP: 9/9 MP: 5/5
   395 | D:1      | HP: 1/9 [kobold (3)]
   423 | D:1      | Slain by a kobold

Action                   || total
-------------------------++-------
Melee: Dagger            ||    33
       Unarmed           ||    15
       Kick              ||     3
       Punch             ||     1
 Cast: Beastly Appendage ||     6
Armor: Robe              ||     6
Dodge: Dodged            ||    62

Table legend:
 A = Turns spent in this place as a percentage of turns spent in the entire game.
 B = Non-inter-level travel turns spent in this place as a percentage of non-inter-level travel turns spent in the entire game.
 C = Inter-level travel turns spent in this place as a percentage of turns spent in this place.
 D = Turns resting spent in this place as a percentage of non-inter-level travel turns spent in this place.
 E = Turns spent auto-exploring this place as a percentage of non-inter-level travel turns spent in this place.
 F = Non-inter-level travel turns spent in this place divided by the number of levels of this place that you've seen.
                   A       B       C       D       E      F
               +-------+-------+-------+-------+-------+----------------------
         Total | 100.0 | 100.0 |   0.0 |   1.1 |   0.5 | 379.0
       Dungeon | 100.0 | 100.0 |   0.0 |   1.1 |   0.5 | 379.0
               +-------+-------+-------+-------+-------+----------------------

Table legend:
 A = Kills in this place as a percentage of kills in entire the game.
 B = Kills by you in this place as a percentage of kills by you in the entire game.
 C = Kills by friends in this place as a percentage of kills by friends in the entire game.
 D = Other kills in this place as a percentage of other kills in the entire game.
 E = Experience gained in this place as a percentage of experience gained in the entire game.
 F = Experience gained in this place divided by the number of levels of this place that you have seen.
                   A       B       C       D       E      F
               +-------+-------+-------+-------+-------+----------------------
         Total | 100.0 | 100.0 |  -nan |  -nan | 100.0 |   5.0
       Dungeon | 100.0 | 100.0 |  -nan |  -nan | 100.0 |   5.0
               +-------+-------+-------+-------+-------+----------------------
